 Dungeon Crawl Stone Soup version 0.30-a0-371-gad7725a93e (webtiles) character file.

Game seed: 7638110720059379302

490 leviel the Trooper (level 7, -1/61 HPs)
             Began as a Hill Orc Fighter on Nov 21, 2022.
             Slain by an orc wizard
             ... wielding a +0 club
              (4 damage)
             ... on level 5 of the Dungeon.
             The game lasted 00:03:57 (2728 turns).

leviel the Trooper (Hill Orc Fighter)               Turns: 2728, Time: 00:03:58

Health: -1/61      AC:  7    Str: 18    XL:     7   Next: 14%
Magic:  7/7        EV:  9    Int: 14    God:
Gold:   801        SH:  4    Dex: 10    Spells: 6/6 levels left

rFire   + . .      SeeInvis .    a - +0 broad axe
rCold   + . .      Faith    +    c - +0 buckler
rNeg    + . .      Spirit   .    b - +0 scale mail
rPois   .          Reflect  .    (no helmet)
rElec   .          Harm     .    (no cloak)
rCorr   +          Rampage  .    (no gloves)
Will    .....                    (no boots)
Stlth   ..........               e - amulet of faith
HPRegen 0.30/turn                i - ring of Gozag's Displeasure {rF+ rC+ rCorr Str-3 Int+6}
MPRegen 0.10/turn                k - ring of positive energy

@: attractive
A: no striking features
a: Convert to Beogh


You were on level 5 of the Dungeon.
You visited 1 branch of the dungeon, and saw 5 of its levels.

You collected 801 gold pieces.

Inventory:

Hand Weapons
 a - a +0 broad axe (weapon)
Missiles
 j - 6 javelins (quivered)
Armour
 b - a +0 scale mail (worn)
 c - a +0 buckler (worn)
Jewellery
 e - an amulet of faith (around neck)
 i - the ring of Gozag's Displeasure (left hand) {rF+ rC+ rCorr Str-3 Int+6}
   (You acquired it on level 2 of the Dungeon)

   [ring of intelligence]

   Str:       It affects your strength (-3).
   Int:       It affects your intelligence (+6).
   rF:        It protects you from fire.
   rC:        It protects you from cold.
   rCorr:     It protects you from acid and corrosion.
 k - a ring of positive energy (right hand)
 n - an amulet of the acrobat
Scrolls
 f - 3 scrolls of identify {@r1}
 l - a scroll of teleportation
 p - a scroll of butterflies {unknown}
 s - a scroll of poison {unknown}
 t - a scroll of immolation {unknown}
Potions
 d - 3 potions of might
 h - a potion of lignification {unknown}
 m - a potion of invisibility {unknown}
 o - a potion of brilliance {unknown}
 q - a potion of mutation {unknown}
 r - a potion of flight {unknown}


   Skills:
 + Level 5.3 Fighting
 + Level 5.1 Axes
 + Level 2.3 Throwing
 + Level 4.9 Armour
 + Level 4.9 Shields


You had 6 spell levels left.
You didn't know any spells.
Your spell library contained the following spells:

 Spells                   Type           Power      Damage    Failure   Level
 Sublimation of Blood     Necr           0%         N/A       86%         2
 Gell's Gravitas          Tloc           0%         N/A       97%         3
 Lesser Beckoning         Tloc           0%         N/A       97%         3
 Summon Guardian Golem    Hex/Summ       0%         N/A       97%         3
 Teleport Other           Tloc           0%         N/A       97%         3
 Petrify                  Tmut/Erth      0%         N/A       100%        4
 Irradiate                Conj/Tmut      0%         3d11      100%        5
 Orb of Destruction       Conj           0%         9d5       100%        7
 Spellforged Servitor     Conj/Summ      0%         N/A       100%        7


Dungeon Overview and Level Annotations

Branches:
Dungeon (5/15)
 Temple: D:4-7

Altars:
Makhleb
Zin


Message History

The gnoll hits you from afar with a +0 spear.
The gnoll hits you with a +0 spear.
You see here a howler monkey corpse.
You completely miss the gnoll.
An orc wizard comes into view. It is wielding a +0 club.
You block the gnoll's attack. The gnoll hits you with a +0 spear.
* * * LOW HITPOINT WARNING * * *
The orc priest shouts, "Join the one true god or die!"
You hit the gnoll.
The gnoll is moderately wounded.
The gnoll closely misses you.
The orc priest looks encouraged for a moment.
You closely miss the gnoll.
The gnoll is moderately wounded.
The gnoll hits you with a +0 spear.
* * * LOW HITPOINT WARNING * * *
An orc comes into view. It is wielding a +0 whip.
The orc priest hits you from afar with a +0 spear.
* * * LOW HITPOINT WARNING * * *
You block the gnoll's attack.
The orc priest hits you but does no damage.
You barely miss the gnoll.
The gnoll is moderately wounded.
You block the gnoll's attack.
An orc comes into view. It is wielding a +0 hand axe.
You closely miss the gnoll.
The gnoll is moderately wounded.
An orc comes into view. It is wielding a +0 short sword.
The gnoll hits you but does no damage.
The orc shouts!
You slash the gnoll!
You kill the gnoll!
The orc priest calls down the wrath of Beogh upon you.
Beogh smites you!
* * * LOW HITPOINT WARNING * * *
The orc wizard closely misses you. You block the orc priest's attack.
It was a potion of attraction.
You feel attractive to monsters. The orc wizard hits you with a +0 club.
You die...

########################
.........##....#........
...............'........
##....##.##....#........
##....##.##.....:.o.o...
##....'..##....)..o.....
##....######....@o...o..
##....##.......#).......
##....##.......#........
##.............#........
##.............#........
##.............#########
##.............#
##......≈......#
##....§≈8≈≈....#


You could see an orc priest, an orc wizard and 3 orcs.

Vanquished Creatures
  A howler monkey (D:5)
  A jelly (D:4)
  2 orc priests (D:5)
  3 iron imps (D:5)
  Natasha (thrice) (D:2)
  2 orc wizards (D:5)
  3 gnolls (D:5)
  5 adders
  An ufetubus (D:5)
  2 dart slugs (D:1)
  10 orcs
  A ball python (D:1)
  8 bats
  5 endoplasms
  3 giant cockroaches
  6 goblins
  4 hobgoblins
  5 jackals
  A kobold (D:1)
  2 quokkas
  2 frilled lizards (D:1)
  3 rats
73 creatures vanquished.

Notes
Turn   | Place    | Note
-------+----------+-------------------------------------------
     0 | D:1      | leviel the Hill Orc Fighter began the quest for the Orb.
     0 | D:1      | Reached XP level 1. HP: 19/19 MP: 1/1
   119 | D:1      | Reached XP level 2. HP: 23/27 MP: 2/2
   222 | D:1      | Reached XP level 3. HP: 33/33 MP: 3/3
   751 | D:2      | Noticed Natasha
   756 | D:2      | Killed Natasha
   757 | D:2      | Reached XP level 4. HP: 40/40 MP: 4/4
  1006 | D:2      | Noticed Natasha
  1024 | D:2      | Killed Natasha
  1185 | D:2      | Noticed Natasha
  1192 | D:2      | Killed Natasha
  1193 | D:2      | Reached skill level 1 in Throwing
  1197 | D:2      | Identified a scroll of acquirement
  1197 | D:2      | Acquired the ring of Gozag's Displeasure {rF+ rC+ rCorr
                  | Str-3 Int+6}
  1321 | D:3      | Reached XP level 5. HP: 44/47 MP: 5/5
  1356 | D:3      | Acquired 645 gold pieces
  1591 | D:4      | Identified the +2 leather armour of Divine Compulsion
                  | {rPois rC- Regen+ Str-4}
  1706 | D:4      | Found a glowing silver altar of Zin.
  1969 | D:5      | Entered Level 5 of the Dungeon
  1973 | D:5      | Reached XP level 6. HP: 29/55 MP: 6/6
  2315 | D:5      | Reached skill level 5 in Fighting
  2610 | D:5      | Found a burning altar of Makhleb.
  2714 | D:5      | Reached skill level 5 in Axes
  2714 | D:5      | Reached XP level 7. HP: 57/61 MP: 7/7
  2727 | D:5      | HP: 3/61 [orc priest/divine providence (9)]
  2728 | D:5      | Slain by an orc wizard

Illustrated notes

Levels and vault maps discovered:
D:1:      pf_arrival_petrified_forest, layout_rooms
D:2:      layout_loops_cross, uniq_natasha
D:3:      kb_forest_paths, layout_rooms, xom_butterflies, minmay_misc_feat_iff,
          grunt_ministairs_1, chequers_serial_rivers_marsh, uniq_jessica
D:4:      layout_rooms, nicolae_overflow_crystal_walls
D:5:      layout_basic, demons_altar

Skill      XL: |  1  2  3  4  5  6 |
---------------+-------------------+-----
Axes           | 3 4 5 |  5.1
Fighting       | 4 5 |  5.3
Throwing       | 1 2 |  2.3
Armour         | 4 |  4.9
Shields        | 4 |  4.9

Action                   |  1- 3 |  4- 6 |  7- 9 || total
-------------------------+-------+-------+-------++-------
Melee: War axe           |    59 |       |       ||    59
       Broad axe         |    16 |   142 |    13 ||   171
  Use: Scroll            |     1 |     3 |       ||     4
       Potion            |       |     1 |     1 ||     2
Armor: Scale mail        |    45 |    99 |     4 ||   148
Dodge: Dodged            |    44 |    97 |     8 ||   149
Block: Buckler           |    22 |    42 |     6 ||    70

Table legend: (Time is in decaauts)
 A = Elapsed time spent in this place.
 B = Non-inter-level travel time spent in this place.
 C = Inter-level travel time spent in this place.
 D = Time resting spent in this place.
 E = Time spent auto-exploring this place.
 F = Levels seen in this place.
 G = Mean time per level.
                   A        B        C        D        E       F      G
               +--------+--------+--------+--------+--------+-----+--------+
         Total |   2841 |   2723 |    118 |    593 |   1577 |   5 |  568.2 |
       Dungeon |   2841 |   2723 |    118 |    593 |   1577 |   5 |  568.2 |
               +--------+--------+--------+--------+--------+-----+--------+

Top non-repeatable levels by time:
     D:2: 808 daAuts
     D:5: 789 daAuts
     D:1: 561 daAuts
     D:4: 558 daAuts
     D:3: 124 daAuts
